 Dungeon Crawl Stone Soup version 0.26.1-10-gdfb7c7de75 (webtiles) character file.

Game seed: 5812449823093955608

21 Amplified the Gusty (level 2, 0/20 HPs)
             Began as a Gnoll Air Elementalist on Apr 10, 2021.
             Succumbed to a goblin's poison
             ... on level 1 of the Dungeon.
             The game lasted 00:01:48 (978 turns).

Amplified the Gusty (Gnoll Air Elementalist)         Turns: 978, Time: 00:01:49

Health: 0/20       AC:  2    Str: 10    XL:     2   Next: 83%
Magic:  5/7        EV: 14    Int: 17    God:
Gold:   37         SH:  4    Dex: 15    Spells: 7/10 levels left

rFire    . . .     SeeInvis .   d - +0 dagger
rCold    . . .     Faith    .   f - +0 buckler
rNeg     . . .     Spirit   .   a - +0 robe
rPois    .         Reflect  .   (no helmet)
rElec    .         Harm     .   (no cloak)
rCorr    .         Rampage  .   (no gloves)
Will     .....                  (no boots)
Stlth    +++.......             (no amulet)
HPRegen  0.06/turn              b - ring of wizardry
MPRegen  0.10/turn              (no ring)

@: lethally poisoned (0 -> -4), swift (expiring), quick
A: distributed training, fangs 1, strong nose
a: no special abilities


You were on level 1 of the Dungeon.
You visited 1 branch of the dungeon, and saw 1 of its levels.

You collected 37 gold pieces.

Inventory:

Hand Weapons
 d - a +0 dagger (weapon)
Armour
 a - a +0 robe (worn)
 f - a +0 buckler (worn)
Jewellery
 b - a ring of wizardry (left hand)


   Skills:
 + Level 0.5 Fighting
 + Level 0.5 Short Blades
 + Level 0.5 Long Blades
 + Level 0.5 Axes
 + Level 0.5 Maces & Flails
 + Level 0.5 Polearms
 + Level 0.5 Staves
 + Level 0.5 Slings
 + Level 0.5 Bows
 + Level 0.5 Crossbows
 + Level 0.5 Throwing
 + Level 0.5 Armour
 + Level 4.5 Dodging
 + Level 4.1 Stealth
 + Level 0.5 Shields
 + Level 0.5 Unarmed Combat
 + Level 4.9 Spellcasting
 + Level 2.0 Conjurations
 + Level 0.3 Hexes
 + Level 0.3 Summonings
 + Level 0.3 Necromancy
 + Level 0.3 Translocations
 + Level 0.3 Transmutations
 + Level 0.3 Fire Magic
 + Level 0.3 Ice Magic
 + Level 5.3 Air Magic
 + Level 0.3 Earth Magic
 + Level 0.3 Poison Magic
 + Level 0.6 Invocations
 + Level 0.5 Evocations


You had 7 spell levels left.
You knew the following spells:

 Your Spells              Type           Power        Failure   Level
a - Shock                 Conj/Air       64%          1%          1
b - Swiftness             Air            22%          1%          2

Your spell library contained the following spells:

 Spells                   Type           Power        Failure   Level
 Static Discharge         Conj/Air       16%          6%          3
 Airstrike                Air            11%          10%         4
 Lightning Bolt           Conj/Air       8%           45%         5


Dungeon Overview and Level Annotations

Branches:
Dungeon (1/15)

Altars:


Innate Abilities, Weirdness & Mutations

Your experience applies equally to all skills.
You have very sharp teeth.
Your uncanny sense of smell can sniff out nearby items.


Message History

* * * LOW HITPOINT WARNING * * *
You feel sick.
You aren't carrying any potions.
Unknown command.
Sorry, you're not good enough to have a special ability.
Unknown command.
You aren't carrying any items that you can evoke.
Unknown command.
Casting: Shock (safe; 1% risk of failure)
Confirm with . or Enter, or press ? or * to list all spells.
Okay, then.
Casting: Shock (safe; 1% risk of failure)
Confirm with . or Enter, or press ? or * to list all spells.
You feel quick.
* * * LOW HITPOINT WARNING * * *
You feel sick.
You start to feel a little slower.
A frilled lizard comes into view.
Unknown command.
You die...

### ..∆ .#
######.#####
#.............
#...@.........
#............
..####....###.###
..................
......##......#.#...
......##............
......#.............
................l..
##......###.....#..


You could see a frilled lizard (wandering).

Vanquished Creatures
  A leopard gecko (D:1)
  A giant cockroach (D:1)
  5 goblins (D:1)
  A hobgoblin (D:1)
  4 jackals (D:1)
  2 kobolds (D:1)
  A ball python (D:1)
  A bat (D:1)
  A rat (D:1)
17 creatures vanquished.

Vanquished Creatures (others)
  A plant (D:1)
1 creature vanquished.

Grand Total: 18 creatures vanquished

Notes
Turn   | Place    | Note
-------+----------+-------------------------------------------
     0 | D:1      | Amplified the Gnoll Air Elementalist began the quest for
                  | the Orb.
     0 | D:1      | Reached XP level 1. HP: 13/13 MP: 6/6
   198 | D:1      | Reached XP level 2. HP: 7/19 MP: 3/7
   483 | D:1      | Learned a level 2 spell: Swiftness
   973 | D:1      | HP: 1/20 [poisoned by a goblin]
   978 | D:1      | Succumbed to a goblin's poison

Illustrated notes

Levels and vault maps discovered:
D:1:      scummos_arrival_simple_fountains, layout_basic, serial_bayou_pond_b

Skill      XL: |  1 |
---------------+----+-----
Conjurations   | 2 |  2.0
Fighting       | |  0.5
Short Blades   | |  0.5
Long Blades    | |  0.5
Axes           | |  0.5
Maces & Flails | |  0.5
Polearms       | |  0.5
Staves         | |  0.5
Slings         | |  0.5
Bows           | |  0.5
Crossbows      | |  0.5
Throwing       | |  0.5
Armour         | |  0.5
Dodging        | |  4.5
Stealth        | |  4.1
Shields        | |  0.5
Unarmed Combat | |  0.5
Spellcasting   | |  4.9
Hexes          | |  0.3
Summonings     | |  0.3
Necromancy     | |  0.3
Translocations | |  0.3
Transmutations | |  0.3
Fire Magic     | |  0.3
Ice Magic      | |  0.3
Air Magic      | |  5.3
Earth Magic    | |  0.3
Poison Magic   | |  0.3
Invocations    | |  0.6
Evocations     | |  0.5

Action                   || total
-------------------------++-------
Melee: Dagger            ||    33
       Bite              ||     7
 Cast: Shock             ||    20
       Swiftness         ||     1
  Use: Potion            ||     2
       Scroll            ||     2
 Stab: Sleeping          ||     1
Armor: Robe              ||     7
       Skin              ||     2
Dodge: Dodged            ||    20
Block: Buckler           ||     1
